[Event "Team 45 45 League T46"]
[Site "Internet Chess Club"]
[Date "2010.08.14"]
[Round "2"]
[White "SuperJEM"]
[Black "onslaught"]
[Result "1/2-1/2"]
[WhiteElo "2179"]
[BlackElo "2175"]
[Opening "English: closed system"]
[ECO "A25"]
[Time "17:01:20"]
[TimeControl "2700+45"]

1. c4 e5 2. g3 Nc6 3. Bg2 g6 4. Nc3 Bg7 5. e3 d6 6. Nge2 h5 7. h3 h4 8. g4 f5 9.
gxf5 Bxf5 10. d3 Qd7 11. e4 Be6 12. Be3 Nf6 13. Qd2 Nh5 14. O-O-O Nd4 15. f4 c6
16. Rdf1 Ng3 17. Nxg3 hxg3 18. Qe1 b5 19. Bxd4 exd4 20. Nd5 O-O-O 21. f5 Bg8 22.
f6 Bh6+ 23. Kb1 cxd5 24. cxd5 Be3 25. Qxg3 g5 26. h4 g4 27. h5 Bf7 28. Rf5 Rdg8
29. Rh4 Qc7 30. a3 Qc1+ 31. Ka2 Qd1 32. Qxd6 Qxd3 33. Qc6+ Kb8 34. Qd6+ Ka8 35.
Qc6+ Kb8 36. Qd6+ Ka8 37. Qc6+ Kb8 {Game drawn by repetition} 1/2-1/2

[Event "Team 45 45 League T46"]
[Site "Internet Chess Club"]
[Date "2010.08.14"]
[Round "2"]
[White "izit"]
[Black "LT-Prad"]
[Result "1-0"]
[WhiteElo "2214"]
[BlackElo "2117"]
[Opening "King's Indian: Kramer system"]
[ECO "E70"]
[Time "16:00:23"]
[TimeControl "2700+45"]

1. d4 Nf6 2. c4 g6 3. Nc3 Bg7 4. e4 d6 5. Nge2 O-O 6. f3 c6 7. Be3 a6 8. c5 dxc5
9. dxc5 Nbd7 10. Na4 Ne5 11. Nec3 Be6 12. Qc2 Qc7 13. Be2 Nc4 14. Bxc4 Bxc4 15.
Nb6 Be6 16. Nxa8 Rxa8 17. O-O Nd7 18. Rad1 Qa5 19. Na4 Ne5 20. b3 Qc7 21. Nb6
Rf8 22. h3 f5 23. f4 Nf7 24. Bd4 Bh6 25. exf5 Bxf5 26. Qf2 e5 27. fxe5 Nxe5 28.
Qg3 Bg7 29. Nc4 Re8 30. Rxf5 gxf5 31. Bxe5 Rxe5 32. Nxe5 Qxe5 33. Rd8+ Kf7 34.
Rd7+ Kf8 35. Qxe5 Bxe5 36. Rxh7 Bd4+ 37. Kf1 Bxc5 38. Rxb7 {Black resigns} 1-0

[Event "Team 45 45 League T46"]
[Site "Internet Chess Club"]
[Date "2010.08.12"]
[Round "2"]
[White "Deckfuel"]
[Black "jonesey"]
[Result "1-0"]
[WhiteElo "1953"]
[BlackElo "1983"]
[Opening "Richter-Veresov attack"]
[ECO "D01"]
[Time "04:00:12"]
[TimeControl "2700+45"]

1. d4 Nf6 2. Nc3 d5 3. Bg5 Nbd7 4. f3 c6 5. e3 Qb6 6. Na4 Qa5+ 7. c3 e6 8. b4
Bxb4 9. cxb4 Qxb4+ 10. Kf2 b5 11. Nc5 Nxc5 12. Bxf6 Qb2+ 13. Be2 Nd3+ 14. Qxd3
gxf6 15. Nh3 Qb4 16. Rhc1 Qd6 17. Qc2 Bd7 18. g3 e5 19. Bf1 a5 20. a3 h5 21. Ng1
h4 22. f4 hxg3+ 23. hxg3 Rh2+ 24. Bg2 Ke7 25. Nf3 Rxg2+ 26. Kxg2 e4 27. Nh4 Qb8
28. Qc5+ {Black resigns} 1-0

[Event "Team 45 45 League T46"]
[Site "Internet Chess Club"]
[Date "2010.08.11"]
[Round "2"]
[White "NFork"]
[Black "easycure"]
[Result "1-0"]
[WhiteElo "2397"]
[BlackElo "2335"]
[Opening "French: Winawer, Kondratiyev variation"]
[ECO "C15"]
[Time "16:09:39"]
[TimeControl "2700+45"]

1. e4 e6 2. d4 d5 3. Nc3 Bb4 4. Bd3 c5 5. exd5 Qxd5 6. Bd2 Bxc3 7. Bxc3 Qxg2 8.
Qf3 Qxf3 9. Nxf3 cxd4 10. Nxd4 f6 11. Rg1 Kf7 12. Nb5 Nc6 13. Nd6+ Kf8 14. Bc4
Ne5 15. O-O-O Ne7 16. Nxc8 Rxc8 17. Bxe6 Re8 18. Bb4 g6 19. Bd7 Rd8 20. f4 Rxd7
21. fxe5 Rxd1+ 22. Rxd1 Ke8 23. exf6 Nc6 24. Ba3 h6 25. f7+ Kxf7 26. Rd7+ Ke6
27. Rxb7 Rc8 28. c4 Na5 29. Re7+ Kf5 30. b3 Nc6 31. Rh7 h5 32. Bd6 Kg4 33. Rc7
Rxc7 34. Bxc7 g5 35. Kb2 Kf3 36. Kc3 h4 37. b4 g4 38. b5 Nd8 39. c5 Ne6 40. b6
g3 41. hxg3 h3 42. g4 {Black resigns} 1-0

[Event "Team 45 45 League T46"]
[Site "Internet Chess Club"]
[Date "2010.08.17"]
[Round "2"]
[White "technika"]
[Black "zeigmata"]
[Result "1-0"]
[WhiteElo "2048"]
[BlackElo "2193"]
[Opening "Sicilian: closed, 2...Nc6"]
[ECO "B23"]
[Time "15:17:17"]
[TimeControl "2700+45"]

1. e4 c5 2. Nc3 Nc6 3. Bb5 Nd4 4. Bc4 e6 5. Nge2 a6 6. a3 b5 7. Ba2 Bb7 8. d3
Nf6 9. O-O Nxe2+ 10. Qxe2 b4 11. axb4 cxb4 12. Nd1 d5 13. exd5 Nxd5 14. Ne3 Be7
15. Bd2 O-O 16. Nc4 a5 17. Bb3 Bf6 18. Rfe1 Qc7 19. Qg4 Bc6 20. Ba4 Qd7 21. Bxc6
Qxc6 22. Be3 a4 23. Bd4 Bxd4 24. Qxd4 Rfd8 25. Qe4 Qc5 26. Qe5 Rdc8 27. Ra2 Ra6
28. Rea1 Qc6 29. Qe4 Qb5 30. Qe5 h6 31. h3 Rca8 32. Re1 Qc6 33. Rea1 f6 34. Qe4
e5 35. Qf3 Qb5 36. Qg4 Nf4 37. Qf3 Qc5 38. Qe4 Ne6 39. Rc1 Nd4 40. c3 Nc6 41.
Rca1 Ne7 42. cxb4 Qxb4 43. Ne3 Qb5 44. Qc4+ Qxc4 45. Nxc4 Nd5 46. b3 Nc3 47. Ra3
Kf7 48. Kf1 Ke6 49. Ke1 Kd5 50. Kd2 Kd4 51. Ne3 Rc6 52. Rc1 Rac8 53. Rxc3 {Black
resigns} 1-0

[Event "Team 45 45 League T46"]
[Site "Internet Chess Club"]
[Date "2010.08.16"]
[Round "2"]
[White "pentti63"]
[Black "jorobo"]
[Result "1-0"]
[WhiteElo "2210"]
[BlackElo "2099"]
[Opening "QGD: Tarrasch, Folkestone (Swedish) variation"]
[ECO "D33"]
[Time "07:02:11"]
[TimeControl "2700+45"]

1. d4 d5 2. c4 e6 3. Nc3 c5 4. cxd5 exd5 5. Nf3 Nc6 6. g3 c4 7. Bg2 Bb4 8. O-O
Nge7 9. e4 O-O 10. exd5 Nxd5 11. Qc2 Bxc3 12. bxc3 h6 13. Re1 Qa5 14. Bd2 Nce7
15. Re5 Be6 16. Rae1 Rad8 17. Nh4 b5 18. Qc1 Rd6 19. Bxh6 Bc8 20. Bxg7 Kxg7 21.
Bxd5 Nxd5 22. Qg5+ Kh7 23. Rxd5 Rxd5 24. Qxd5 Qxc3 25. Qh5+ Kg7 26. Re5 Qa1+ 27.
Kg2 Qxd4 28. Qg5+ Kh7 29. Qh5+ Kg7 30. Nf5+ Bxf5 31. Qxf5 Rd8 32. Qg5+ Kh7 33.
Qh5+ Kg7 34. Rg5+ Kf6 35. Rf5+ Ke6 36. Qxf7+ Kd6 37. Rf6+ Kc5 38. Qe7+ Rd6 39.
Qc7+ {Black resigns} 1-0

[Event "Team 45 45 League T46"]
[Site "Internet Chess Club"]
[Date "2010.08.18"]
[Round "2"]
[White "Geeloo"]
[Black "saksipotku"]
[Result "1/2-1/2"]
[WhiteElo "2125"]
[BlackElo "2124"]
[Opening "Petrov three knights game"]
[ECO "C42"]
[Time "09:54:43"]
[TimeControl "2700+45"]

1. e4 e5 2. Nf3 Nf6 3. Nc3 Bb4 4. Nxe5 O-O 5. Nd3 Bxc3 6. dxc3 Nxe4 7. Be2 d5 8.
O-O c6 9. Be3 Re8 10. Nc5 Nxc5 11. Bxc5 Bf5 12. Bd3 Bxd3 13. Qxd3 Nd7 14. Bd4
Ne5 15. Qg3 f6 16. Rfe1 Qd6 17. Re2 Nc4 18. Qxd6 Nxd6 19. Rae1 b6 20. f3 Kf7 21.
Kf2 Rxe2+ 22. Rxe2 Re8 23. Rxe8 Kxe8 24. Ke2 Kd7 25. a4 Ke6 26. b3 Nf5 27. Bf2
Nd6 28. a5 c5 29. b4 cxb4 30. cxb4 bxa5 31. bxa5 a6 32. Kd3 {Game drawn by
mutual agreement} 1/2-1/2

[Event "Team 45 45 League T46"]
[Site "Internet Chess Club"]
[Date "2010.08.18"]
[Round "2"]
[White "Positron"]
[Black "pestka"]
[Result "1/2-1/2"]
[WhiteElo "2218"]
[BlackElo "2245"]
[Opening "QGD Slav: 4.e3 Bf5"]
[ECO "D12"]
[Time "16:03:13"]
[TimeControl "2700+45"]

1. d4 d5 2. c4 c6 3. Nf3 Nf6 4. e3 Bf5 5. Nc3 e6 6. Nh4 Bg6 7. Be2 Nbd7 8. Bd2
Bd6 9. Qb3 Rb8 10. Nxg6 hxg6 11. h3 Qe7 12. Qc2 O-O 13. O-O e5 14. cxd5 exd4 15.
exd4 Nxd5 16. Nxd5 Qxe2 17. Rfe1 Qh5 18. Ne7+ Kh7 19. Re3 Nf6 20. Rae1 Nd5 21.
Nxd5 Qxd5 22. b3 Qxd4 23. Re4 Qc5 24. Bc3 Rbd8 25. Qb2 f6 26. Bb4 Qf5 27. Bxd6
Rxd6 28. Qa3 Rd2 29. Qxa7 Rfd8 30. f3 g5 31. R1e2 Rxe2 32. Rxe2 Qf4 33. Qc5 Kg6
34. Qc2+ Kf7 35. Re4 Qd2 36. Qxd2 Rxd2 37. a4 c5 38. b4 Rc2 39. bxc5 Rxc5 40.
Rb4 Rc7 41. Rb6 Kg6 42. g4 Rc4 43. Kf2 Rxa4 44. Rxb7 Ra2+ 45. Kg3 {Game drawn by
mutual agreement} 1/2-1/2

[Event "Team 45 45 League T46"]
[Site "Internet Chess Club"]
[Date "2010.08.16"]
[Round "2"]
[White "Jack-ONeill"]
[Black "Chatica"]
[Result "1-0"]
[WhiteElo "2046"]
[BlackElo "2042"]
[Opening "Old Indian: Tartakower (Wade) variation"]
[ECO "A04"]
[Time "15:17:11"]
[TimeControl "2700+45"]

1. Nf3 d6 2. d4 Bg4 3. Bf4 Nd7 4. Nbd2 Ngf6 5. h3 Bxf3 6. Nxf3 g6 7. e3 Bg7 8.
Be2 O-O 9. O-O c5 10. c3 Qb6 11. Qb3 Rac8 12. Bh2 a6 13. Rfd1 Qc7 14. Nd2 b5 15.
a4 c4 16. Qc2 Nb6 17. axb5 axb5 18. Bf3 Na4 19. Nb1 Qd7 20. b3 cxb3 21. Qxb3 d5
22. Be2 Rc4 23. Bxc4 dxc4 24. Qc2 Ne8 25. Na3 Nd6 26. Nxb5 Qxb5 27. Qxa4 Qd5 28.
Qd7 Qe4 29. Bxd6 exd6 30. Qxd6 h6 31. Rdb1 Qc2 32. Rb8 Rxb8 33. Qxb8+ Kh7 34.
Ra8 g5 35. Qg8+ Kg6 36. Ra6+ {Black resigns} 1-0

[Event "Team 45 45 League T46"]
[Site "Internet Chess Club"]
[Date "2010.08.14"]
[Round "2"]
[White "Matusalen"]
[Black "Kolibri"]
[Result "1-0"]
[WhiteElo "2075"]
[BlackElo "2043"]
[Opening "English opening"]
[ECO "A05"]
[Time "16:01:09"]
[TimeControl "2700+45"]

1. Nf3 Nf6 2. c4 g6 3. g3 Bg7 4. Bg2 O-O 5. O-O c6 6. Nc3 d5 7. cxd5 cxd5 8. d4
Nc6 9. Ne5 Nxe5 10. dxe5 Ng4 11. Qxd5 Nxe5 12. Qb3 Nc6 13. Rd1 Qa5 14. Be3 e5
15. Rd5 Qa6 16. Nb5 Be6 17. Nc7 Bxd5 18. Bxd5 Na5 19. Qa3 Qxe2 20. Nxa8 Rxa8 21.
Qxa5 Qxb2 22. Rc1 Rf8 23. Qxa7 b5 24. Qb7 e4 25. Rc8 Qa1+ 26. Kg2 Qf6 27. Rxf8+
Bxf8 28. Bxe4 b4 29. Qa8 Kg7 30. Bh6+ Kxh6 31. Qxf8+ Kh5 32. Qxb4 Qe6 33. Bf3+
Kh6 34. Qf8+ Kg5 35. h4+ Kf6 36. a4 Qb6 37. Qh8+ Ke7 38. Qe5+ Kf8 39. h5 f6 40.
Qb5 Qd6 41. hxg6 hxg6 42. a5 {Black resigns} 1-0

[Event "Team 45 45 League T46"]
[Site "Internet Chess Club"]
[Date "2010.08.19"]
[Round "2"]
[White "fledermaus"]
[Black "Speedy-Reedy"]
[Result "0-1"]
[WhiteElo "1918"]
[BlackElo "1883"]
[Opening "Richter-Veresov attack"]
[ECO "D01"]
[Time "11:00:45"]
[TimeControl "2700+45"]

1. d4 Nf6 2. Nc3 d5 3. Bg5 Nbd7 4. f3 c6 5. e4 dxe4 6. fxe4 e5 7. dxe5 Qa5 8.
Bxf6 gxf6 9. e6 fxe6 10. Bc4 Bb4 11. Ne2 Ne5 12. Bb3 Bd7 13. Qd2 c5 14. a3 c4
15. Ba4 Qxa4 {White resigns} 0-1

[Event "Team 45 45 League T46"]
[Site "Internet Chess Club"]
[Date "2010.08.17"]
[Round "2"]
[White "Terte"]
[Black "Uwak"]
[Result "1/2-1/2"]
[WhiteElo "2036"]
[BlackElo "2438"]
[Opening "Caro-Kann: advance variation"]
[ECO "B12"]
[Time "03:08:05"]
[TimeControl "2700+45"]

1. e4 c6 2. d4 d5 3. e5 Bf5 4. h4 h5 5. Bg5 Qb6 6. Bd3 Bxd3 7. Qxd3 e6 8. Nf3
Qa6 9. Qxa6 Nxa6 10. O-O Rc8 11. Nbd2 Ne7 12. c4 Nf5 13. cxd5 cxd5 14. Rac1 Kd7
15. Rxc8 Kxc8 16. a3 Nb8 17. Nb3 b6 18. Rc1+ Kd7 19. Kf1 Nc6 20. Ke2 Be7 21.
Bxe7 Nfxe7 22. Kd3 Rc8 {Game drawn by mutual agreement} 1/2-1/2

[Event "Team 45 45 League T46"]
[Site "Internet Chess Club"]
[Date "2010.08.14"]
[Round "2"]
[White "searchforbobby1"]
[Black "Pason"]
[Result "1/2-1/2"]
[WhiteElo "2232"]
[BlackElo "2062"]
[Opening "French: Winawer, advance variation"]
[ECO "C18"]
[Time "11:05:38"]
[TimeControl "2700+45"]

1. e4 e6 2. d4 d5 3. Nc3 Bb4 4. e5 c5 5. a3 Bxc3+ 6. bxc3 Qa5 7. Bd2 Qa4 8. Qb1
c4 9. Ne2 Nc6 10. Nf4 Nge7 11. g3 O-O 12. Bh3 Nd8 13. Nh5 Nec6 14. f4 f6 15. O-O
f5 16. g4 b6 17. gxf5 exf5 18. Kh1 Be6 19. Rg1 Rf7 20. Rg2 Rc8 21. Qg1 Rcc7 22.
Be1 Kf8 23. Bh4 Qa6 24. Qe3 Ne7 25. Rag1 Nec6 26. Qc1 Qa4 27. Rg3 Nb7 {Game
drawn by mutual agreement} 1/2-1/2

[Event "Team 45 45 League T46"]
[Site "Internet Chess Club"]
[Date "2010.08.13"]
[Round "2"]
[White "egyptiantiger"]
[Black "MikeA"]
[Result "1/2-1/2"]
[WhiteElo "2132"]
[BlackElo "2142"]
[Opening "QGD"]
[ECO "D52"]
[Time "16:00:28"]
[TimeControl "2700+45"]

1. d4 d5 2. c4 c6 3. Nf3 Nf6 4. Nc3 e6 5. Bg5 Nbd7 6. e3 Be7 7. Bd3 dxc4 8. Bxc4
b5 9. Bd3 Bb7 10. O-O O-O 11. Qe2 a6 12. Rad1 c5 13. dxc5 Bxc5 14. Ne4 Be7 15.
Bxf6 Bxf6 16. Bb1 Qe7 17. Qc2 Bxe4 18. Qxe4 g6 19. Qb7 Rfd8 20. Nd4 Nc5 21. Qxe7
Bxe7 22. Nc6 Re8 23. b4 Na4 24. Rd7 Kf8 25. Be4 f5 26. Nxe7 fxe4 27. Nc6 Rac8
28. Nd4 Nc3 29. Rxh7 Nxa2 30. f3 Kg8 31. Ra7 exf3 32. Rxf3 Rc1+ 33. Kf2 e5 34.
Rg3 exd4 35. Rxg6+ Kf8 36. Rf6+ {Game drawn by mutual agreement} 1/2-1/2

[Event "Team 45 45 League T46"]
[Site "Internet Chess Club"]
[Date "2010.08.16"]
[Round "2"]
[White "screamingeagle"]
[Black "mcplayerus"]
[Result "1-0"]
[WhiteElo "2027"]
[BlackElo "2099"]
[Opening "Sicilian: closed, 6.Be3"]
[ECO "B26"]
[Time "15:00:17"]
[TimeControl "2700+45"]

1. e4 c5 2. Nc3 Nc6 3. g3 g6 4. Bg2 Bg7 5. d3 d6 6. Be3 Nf6 7. h3 e5 8. Nge2 Nd4
9. O-O O-O 10. f4 Nxe2+ 11. Qxe2 Nh5 12. Qf2 exf4 13. gxf4 Kh8 14. f5 Bd7 15.
Nd5 Be5 16. c3 Bc6 17. Nf4 Nxf4 18. Bxf4 Bxf4 19. Qxf4 g5 20. Qg4 f6 21. h4 Rg8
22. Kf2 Qb6 23. Rab1 Rg7 24. Rh1 Rag8 25. Rh2 Qa6 26. Ke3 c4 27. Rbh1 Qb6+ 28.
Kf3 cxd3 29. hxg5 d2 30. g6 d1=Q+ 31. Rxd1 Qxb2 32. Qh4 Qxc3+ 33. Kg4 Rxg6+ 34.
fxg6 Rxg6+ 35. Kf4 Qe5+ 36. Kf3 Bxe4+ 37. Qxe4 Qxh2 38. Kf2 Qh5 39. Rd5 Qh2 40.
Rd3 Qe5 41. Qxe5 fxe5 42. Bxb7 Kg7 43. Ra3 Kf6 44. Rxa7 Rg4 45. a4 h5 46. a5 Ra4
47. Bd5 h4 48. a6 Ra5 49. Rf7+ Kg6 50. a7 {Black resigns} 1-0

[Event "Team 45 45 League T46"]
[Site "Internet Chess Club"]
[Date "2010.08.16"]
[Round "2"]
[White "Vaigpertu"]
[Black "f5"]
[Result "1-0"]
[WhiteElo "2285"]
[BlackElo "2091"]
[Opening "Dutch, 2.Bg5 variation"]
[ECO "A80"]
[Time "15:59:15"]
[TimeControl "2700+45"]

1. d4 f5 2. Bg5 g6 3. Nc3 d5 4. e3 Bg7 5. h4 c6 6. Nf3 Nd7 7. Be2 Ngf6 8. Bf4
Ne4 9. Nxe4 fxe4 10. Ne5 Nxe5 11. Bxe5 Bxe5 12. dxe5 O-O 13. h5 g5 14. Qd4 h6
15. f3 Bf5 16. f4 gxf4 17. exf4 Qb6 18. Qxb6 axb6 19. g4 Bd7 20. Rf1 e6 21. c3
Kg7 22. Kd2 c5 23. Ke3 b5 24. a3 Ra4 25. Bd1 Raa8 26. Rc1 Rad8 27. Rc2 Bc6 28.
Rd2 Rf7 29. f5 Rdf8 30. Rg1 Kh8 31. f6 Rg8 32. g5 hxg5 33. Rdg2 Rd7 34. Rxg5 d4+
35. cxd4 cxd4+ 36. Kf4 Rxg5 37. Rxg5 Bd5 38. h6 Rd8 39. f7 Rf8 40. Rg7 Bc6 41.
Bh5 Bd5 42. Bg6 {Black resigns} 1-0

[Event "Team 45 45 League T46"]
[Site "Internet Chess Club"]
[Date "2010.08.15"]
[Round "2"]
[White "Merciful"]
[Black "trevor21"]
[Result "0-1"]
[WhiteElo "1984"]
[BlackElo "2153"]
[Opening "French: Two knights variation"]
[ECO "C00"]
[Time "10:22:04"]
[TimeControl "2700+45"]

1. e4 e6 2. Nf3 d5 3. Nc3 Nf6 4. e5 Nfd7 5. d4 c5 6. dxc5 Nc6 7. Bf4 Bxc5 8. Bd3
f5 9. exf6 Nxf6 10. O-O Bd6 11. Bxd6 Qxd6 12. Qe2 O-O 13. Rae1 a6 14. Ne5 Nxe5
15. Qxe5 Qxe5 16. Rxe5 Bd7 17. f3 Rac8 18. Ne2 Kf7 19. Nd4 Rfe8 20. Rfe1 g6 21.
g3 Re7 22. Kf2 Ne8 23. f4 Nd6 24. c3 b5 25. Nf3 a5 26. R5e2 Kg7 27. Ne5 Be8 28.
Ng4 Bf7 29. Ne5 Bg8 30. Nf3 b4 31. cxb4 axb4 32. Nd4 Kf6 33. g4 h6 34. g5+ hxg5
35. fxg5+ Kxg5 36. Nxe6+ Bxe6 37. Rxe6 Rxe6 38. Rxe6 Nf5 39. Rb6 Rh8 40. Kg1 Ra8
41. Bb1 Rc8 42. Bxf5 gxf5 43. Rxb4 f4 44. a4 Kg4 45. a5 Ra8 46. Ra4 d4 47. b4 d3
48. Ra3 Rd8 49. Ra1 Kf3 50. Kf1 d2 51. Rd1 Ke3 52. a6 f3 53. a7 f2 54. Rxd2 Rxd2
55. a8=Q Rd1+ 56. Kg2 Rg1+ 57. Kh3 f1=Q+ 58. Kh4 Qf4+ 59. Kh5 Qg5# {White
checkmated} 0-1

[Event "Team 45 45 League T46"]
[Site "Internet Chess Club"]
[Date "2010.08.17"]
[Round "2"]
[White "chess9793"]
[Black "LucaTrapani"]
[Result "1/2-1/2"]
[WhiteElo "1983"]
[BlackElo "2040"]
[Opening "French: Tarrasch, closed variation, main line"]
[ECO "C06"]
[Time "19:00:07"]
[TimeControl "2700+45"]

1. e4 e6 2. d4 d5 3. Nd2 Nf6 4. e5 Nfd7 5. Bd3 c5 6. c3 Nc6 7. Ne2 cxd4 8. cxd4
f6 9. exf6 Nxf6 10. Nf3 Bd6 11. O-O Qc7 12. Bg5 O-O 13. Bh4 Nh5 14. Qc2 h6 15.
Bg6 Nf4 16. Nxf4 Rxf4 17. Bg3 Rf6 18. Rac1 Bxg3 19. hxg3 Qd6 20. Bh7+ Kh8 21.
Bd3 Bd7 22. Qc3 Rc8 23. Bb1 Kg8 24. Rfe1 Be8 25. Ne5 Qf8 26. f4 Ne7 27. Qd3 Bg6
28. Nxg6 Nxg6 29. Qd2 Ne7 30. Rxc8 Qxc8 31. Rc1 Qd7 32. Qc3 Nc6 33. b4 a6 34. a3
Na7 35. Bd3 Nb5 36. Bxb5 Qxb5 37. Qc7 Qd3 38. Qc3 Qe2 39. Re1 Qg4 40. a4 h5 41.
Qc8+ Kh7 42. Qc2+ Kg8 43. Qc8+ {Game drawn by mutual agreement} 1/2-1/2

[Event "Team 45 45 League T46"]
[Site "Internet Chess Club"]
[Date "2010.08.14"]
[Round "2"]
[White "CREDITorDEBIT"]
[Black "AVEMARIA"]
[Result "1-0"]
[WhiteElo "1801"]
[BlackElo "1655"]
[Opening "Sicilian: Taimanov variation"]
[ECO "B49"]
[Time "17:00:47"]
[TimeControl "2700+45"]

1. e4 c5 2. Nf3 e6 3. d4 cxd4 4. Nxd4 Nc6 5. Be3 Qc7 6. Nc3 a6 7. Be2 Nf6 8. f4
Bb4 9. Qd3 d5 10. e5 Ne4 11. O-O Nxc3 12. bxc3 Nxd4 13. Bxd4 Bc5 14. c4 dxc4 15.
Qxc4 Bxd4+ 16. Qxd4 O-O 17. c4 b6 18. Rab1 Rb8 19. Rfc1 Rd8 20. Qe3 Bd7 21. c5
bxc5 22. Rxb8 Qxb8 23. Bxa6 Bb5 24. Rb1 Qa7 25. Bxb5 Rb8 26. a4 Rd8 27. Rc1 Rd4
28. g3 g6 29. h4 h5 30. Rc2 Kg7 31. Kg2 Qb7+ 32. Qf3 Qb6 33. Qc6 Qd8 34. Qxc5
Rd2+ 35. Rxd2 Qxd2+ 36. Qf2 Qd5+ 37. Kh2 Kh7 38. Qe2 Qa8 39. g4 hxg4 40. Qxg4
Qe4 41. Qg3 Qb4 42. Qe3 Qb2+ 43. Kg3 Qb4 44. h5 gxh5 45. Kh4 Kh6 46. Qg3 Qd2 47.
Bd3 {Black resigns} 1-0

[Event "Team 45 45 League T46"]
[Site "Internet Chess Club"]
[Date "2010.08.13"]
[Round "2"]
[White "b-spot"]
[Black "isolani"]
[Result "0-1"]
[WhiteElo "1742"]
[BlackElo "1559"]
[Opening "QGD: exchange, positional line"]
[ECO "D35"]
[Time "21:03:42"]
[TimeControl "2700+45"]

1. d4 Nf6 2. c4 e6 3. Nc3 d5 4. cxd5 exd5 5. Bg5 Be7 6. e3 O-O 7. Bd3 Re8 8.
Nge2 Bg4 9. Bxf6 Bxf6 10. Qb3 Bxe2 11. Bxe2 Nc6 12. Nxd5 Bxd4 13. exd4 Nxd4 14.
Qc4 Nxe2 15. Ne3 Nd4 16. Rd1 Re4 17. Qd3 Qe7 18. O-O Re8 19. Rfe1 Qg5 20. Kf1 h5
21. Qc3 c5 22. Rc1 b6 23. a4 a5 24. Qd3 f5 25. Qc4+ Kh8 26. Qd5 g6 27. Rcd1 Qh4
28. h3 Qf4 29. Kg1 Qg5 30. Qb7 Nf3+ 31. Kf1 Nxe1 32. Rd7 R4e7 33. Rxe7 Rxe7 34.
Qxb6 Nxg2 35. Qd8+ Kh7 {White resigns} 0-1

[Event "Team 45 45 League T46"]
[Site "Internet Chess Club"]
[Date "2010.08.15"]
[Round "2"]
[White "TheJaguar"]
[Black "GadsHill"]
[Result "0-1"]
[WhiteElo "1603"]
[BlackElo "1529"]
[Opening "Giuoco Piano"]
[ECO "C50"]
[Time "19:00:16"]
[TimeControl "2700+45"]

1. e4 e5 2. Nf3 Nc6 3. Bc4 Bc5 4. Nc3 d6 5. h3 Nf6 6. d3 Na5 7. Bb3 c6 8. O-O
Nxb3 9. axb3 a6 10. Na4 Ba7 11. Be3 O-O 12. c4 Qc7 13. b4 Bd7 14. Nc3 b5 15.
cxb5 axb5 16. Rxa7 Rxa7 17. Bxa7 Qxa7 18. Qa1 Ra8 19. Qxa7 Rxa7 20. Nd2 Nh5 21.
Nb3 Nf4 22. d4 Be6 23. Nc1 exd4 24. N3e2 Nxe2+ 25. Nxe2 c5 26. bxc5 dxc5 27. Rc1
Bc4 28. Ng3 Ra2 29. b3 d3 30. bxc4 d2 31. Rd1 bxc4 32. Ne2 Rc2 33. Kf1 c3 34.
Nxc3 Rxc3 35. Rxd2 f6 36. Ke2 Kf7 37. Rd7+ Kg6 38. Rd3 Rc2+ 39. Ke3 Kf7 40. g4
Ke6 41. h4 h6 42. f4 c4 43. f5+ Ke7 44. Rd4 Rc3+ 45. Kf4 Rc1 46. Ke3 Rc3+ 47.
Kf4 Rc1 48. h5 c3 49. Ke3 Rg1 50. Rc4 Rxg4 51. Rxc3 Rg5 52. Kf4 Rxh5 53. Rc7+
Kf8 54. Rc8+ Kf7 55. Rc7+ Kg8 56. e5 fxe5+ 57. Ke4 Rg5 58. Re7 Rg1 59. Rxe5 Re1+
60. Kf4 Rxe5 61. Kxe5 Kf7 62. Kf4 Kf6 63. Ke4 Kg5 64. Kf3 Kxf5 65. Kg3 g5 66.
Kf3 h5 67. Kg3 Ke4 68. Kf2 h4 69. Kg2 g4 70. Kh2 Kf3 71. Kg1 h3 72. Kh2 g3+
{White resigns} 0-1

[Event "Team 45 45 League T46"]
[Site "Internet Chess Club"]
[Date "2010.08.12"]
[Round "2"]
[White "tightfist"]
[Black "seattleblues"]
[Result "1-0"]
[WhiteElo "1589"]
[BlackElo "1273"]
[Opening "Polish (Sokolsky) opening"]
[ECO "A00"]
[Time "06:36:06"]
[TimeControl "2700+45"]

1. b4 e6 2. Bb2 Bxb4 3. Bxg7 f6 4. e4 Bd6 5. Nf3 e5 6. Bc4 Qe7 7. Bxh8 Nh6 8.
O-O Qf8 9. Bxf6 Qxf6 10. Nc3 c6 11. d4 b5 12. Bb3 Na6 13. dxe5 Bxe5 14. Nxe5
Qxe5 15. Qf3 Bb7 16. Rfe1 O-O-O 17. Rad1 Nc5 18. Nb1 Nxb3 19. cxb3 Ng8 20. Qf5
Qxf5 21. exf5 Nh6 22. Re7 Nxf5 23. Rxh7 c5 24. Nc3 b4 25. Nd5 Re8 26. Nf6 Re7
27. Rxe7 Nxe7 28. Nxd7 Nd5 29. Nxc5 Nc3 30. Rd2 Ne4 31. Nxe4 Bxe4 32. Rd4 Bb1
33. Rxb4 Bxa2 34. Ra4 Bxb3 35. Rxa7 Kb8 36. Re7 Kc8 37. h4 Kd8 38. Re3 Bf7 39.
g4 {Black resigns} 1-0

[Event "Team 45 45 League T46"]
[Site "Internet Chess Club"]
[Date "2010.08.13"]
[Round "2"]
[White "vaknight"]
[Black "Buford-Julep"]
[Result "0-1"]
[WhiteElo "1707"]
[BlackElo "1723"]
[Opening "Bird's opening"]
[ECO "A03"]
[Time "20:00:52"]
[TimeControl "2700+45"]

1. f4 d5 2. Nf3 Nf6 3. b3 e6 4. Bb2 Nbd7 5. e3 Be7 6. Be2 b6 7. O-O O-O 8. Na3
Bb7 9. c4 Nc5 10. Ne5 Nfe4 11. Nc2 Bf6 12. Rb1 dxc4 13. Nxc4 Bxb2 14. Rxb2 Qf6
15. Nd4 Rad8 16. Qc2 Rxd4 17. exd4 Qxd4+ 18. Ne3 Rd8 19. Rd1 Nd3 20. Bxd3 Qxd3
21. Qxd3 Rxd3 22. Ng4 Nc3 23. Re1 Nd5 24. g3 h5 25. Ne5 Rd4 26. Kf2 Nb4 27. Re3
f6 28. a3 fxe5 29. axb4 exf4 30. Rxe6 fxg3+ 31. hxg3 Kf7 32. Re3 Rxb4 33. Rc2 c5
34. Rc4 Bd5 35. Rxb4 cxb4 36. d4 a5 37. Ke2 b5 38. Re5 Bxb3 39. Rxb5 Bc4+ {White
resigns} 0-1

[Event "Team 45 45 League T46"]
[Site "Internet Chess Club"]
[Date "2010.08.14"]
[Round "2"]
[White "BishopMike"]
[Black "loserloser"]
[Result "0-1"]
[WhiteElo "1440"]
[BlackElo "1833"]
[Opening "Sicilian: Tartakower variation"]
[ECO "B53"]
[Time "12:31:40"]
[TimeControl "2700+45"]

1. e4 c5 2. d4 cxd4 3. Nf3 d6 4. c3 dxc3 5. Nxc3 a6 6. Bc4 e6 7. O-O Be7 8. Be3
Nf6 9. Qc2 O-O 10. Rad1 b5 11. Be2 Bb7 12. e5 Nd5 13. Nxd5 Bxd5 14. exd6 Qxd6
15. Ng5 Bxg5 16. Bxg5 Qc6 17. Qxc6 Nxc6 18. a3 Rac8 19. Bg4 Ne5 20. Bh3 Bc4 21.
Rfe1 Nd3 22. Re2 Nf4 23. Re3 Nxh3+ 24. Rxh3 Bd5 25. Rc3 Rxc3 26. bxc3 Rc8 27.
Rc1 f6 28. Be3 Rc4 29. Bb6 Ra4 30. Bc5 a5 31. Rb1 Rc4 32. Rxb5 Rxc3 33. Rb8+ Kf7
34. Be3 Rxa3 35. Rb1 a4 36. h3 Rb3 37. Ra1 a3 38. Bc5 a2 39. Kh2 Rb1 40. Bd4 e5
41. Bc3 Ke6 42. Kg3 Rb3 43. Rc1 Rxc3+ {White resigns} 0-1

[Event "Team 45 45 League T46"]
[Site "Internet Chess Club"]
[Date "2010.08.17"]
[Round "2"]
[White "CheeryCherry"]
[Black "achessfool"]
[Result "1-0"]
[WhiteElo "1485"]
[BlackElo "1480"]
[Opening "French: MacCutcheon, Chigorin variation"]
[ECO "C12"]
[Time "17:02:50"]
[TimeControl "2700+45"]

1. e4 e6 2. d4 d5 3. Nc3 Nf6 4. Bg5 Bb4 5. e5 h6 6. exf6 hxg5 7. fxg7 Rg8 8. Qh5
Rxg7 9. Qh8+ Bf8 10. Bd3 Nc6 11. Nge2 Qf6 12. Nb5 Qe7 13. O-O-O a6 14. Nbc3 Qf6
15. Rhf1 Nxd4 16. Nxd4 Bd7 17. Nde2 O-O-O 18. Qh5 Bd6 19. h3 g4 20. hxg4 Rg5 21.
Qh3 Rh8 22. Qf3 Qg7 23. Rh1 Rxh1 24. Rxh1 f6 25. Rh7 Qg8 26. Qh3 Bf8 27. f3 Kb8
28. Rxd7 Ka7 29. Rxc7 d4 30. Ne4 Ra5 31. Bc4 f5 32. gxf5 exf5 33. Bxg8 {Black
resigns} 1-0